AoeStats
← 17_Neo_

MegaRandom

506475270Analyzed
1v1 RM · 19d ago on Sep 13, 2026· 30m 31s· 2 players
Game mode
Random Map
Map size
Tiny (2 player)
Population
200
Speed
Normal
Resources
Standard
Victory
Conquest
Starting age
Dark Age
Ending age
Imperial Age
RankedLock teamsTeams togetherTeam positionsShared explorationLock speedFull tech treeHidden civsTurbo modeCheats
Victory
Defeat
🇵🇹 Ethiopians · Portugal
1652
+16
🇨🇴 Mongols · Colombia
1649
-16
17_Neo_
5:16 Loom
12:00 Feudal Age
13:02 Double-Bit Axe
12:58 Horse Collar
15:49 Castle Age
24:14 Bow Saw
25:09 Wheelbarrow
24:22 Town Watch
29:26 Imperial Age
27:19 Heavy Plow
27:12 Gold Mining
28:42 Crossbowman
29:18 Fletching
29:11 Elite Skirmisher
29:53 Bodkin Arrow
29:36 Capped Ram
Mortis
11:55 Feudal Age
12:07 Loom
12:33 Double-Bit Axe
19:57 Castle Age
18:15 Fletching
23:59 Imperial Age
21:52 Medium Warships
21:22 Fishing Lines
24:24 Bodkin Arrow
25:47 Chemistry
25:45 Bow Saw
27:33 Bracer
29:23 Stone Mining
29:25 Gold Mining
Connection lost

Rejoining the realm…

Still unreachable

The connection could not be restored.

Session expired

The server has moved on; the page needs a fresh start.